 Dungeon Crawl Stone Soup version 0.18.1-48-g4cf74bf (webtiles) character file.

109885 Peloso the Peltast (level 16, -16/161 HPs)
             Began as a Minotaur Fighter on Aug 6, 2016.
             Was a High Priest of Okawaru.
             Killed from afar by a green death (25 damage)
             ... with a bolt of poison
             ... on level 3 of the Abyss.
             The game lasted 01:57:18 (33537 turns).

Peloso the Peltast (Minotaur Fighter)              Turns: 33537, Time: 01:57:19

Health: -16/161    AC: 27    Str: 24      XL:     16   Next: 5%
Magic:  16/16      EV: 11    Int:  4 (5)  God:    Okawaru [*****.]
Gold:   2012       SH: 11    Dex: 17      Spells: 0 memorised, 15 levels left

rFire  + . .     SeeInvis +     a - +1 long sword
rCold  . . .     Gourm    .     w - +3 plate armour {rN+}
rNeg   + . .     Faith    +     M - +2 buckler {rF+}
rPois  .         Spirit   .     r - +1 hat
rElec  .         Dismiss  .     d - +2 cloak "Ablor" {+Inv}
rCorr  .         Reflect  .     J - +0 pair of gloves {Dex+3}
SustAt +         Harm     .     N - +0 pair of boots {Fly}
MR     ++...     Rnd*Tele +     G - amulet of faith
Stlth  ..........               S - ring of see invisible
                                q - ring of sustain attributes

@: lethally poisoned (-16 -> -98), flying, very resistant to hostile
enchantments, extremely unstealthy
A: retaliatory headbutt, hooves 1, horns 2, magic resistance 1, robust 1,
teleportitis 1, subdued magic 1
a: Heroism, Finesse, Renounce Religion, Evoke Invisibility, Stop Flying


You were on level 3 of the Abyss.
You worshipped Okawaru.
Okawaru was extremely pleased with you.
You were hungry.

You visited 2 branches of the dungeon, and saw 23 of its levels.
You visited the Abyss 1 time.
You also visited: Labyrinth, Ossuary and Bailey.

You collected 2012 gold pieces.

Inventory:

Hand Weapons
 a - a +1 long sword (weapon)
 H - the +6 mace of World's End {crush, *Drain rF+ Dex+4}
   (Okawaru gifted it to you on level 14 of the Dungeon)

   It inflicts extra damage upon your enemies.
   It affects your dexterity (+4).
   It protects you from fire.
   It causes draining when unequipped.
 R - a +2 whip of flaming
Armour
 c - a +0 shield
 d - the +2 cloak "Ablor" (worn) {+Inv}
   (Okawaru gifted it to you on level 5 of the Lair of Beasts)

   It lets you turn invisible.
 r - a +1 hat (worn)
 w - a +3 plate armour of positive energy (worn)
 B - a +1 pair of gloves of strength
 J - a +0 pair of gloves of dexterity (worn)
 M - a +2 buckler of fire resistance (worn)
 N - a +0 pair of boots of flying (worn)
Jewellery
 q - a ring of sustain attributes (left hand)
 G - an amulet of faith (around neck)
 S - a ring of see invisible (right hand)
Wands
 e - a wand of digging (23/24)
 h - a wand of enslavement (11/24)
 s - a wand of teleportation (4/9)
 y - a wand of acid (6/15)
Scrolls
 g - 3 scrolls of fear
 i - 11 scrolls of identify
 n - 15 scrolls of remove curse
 x - 2 scrolls of enchant weapon
 C - a scroll of recharging
 D - 3 scrolls of teleportation
 K - 2 scrolls of silence
 L - 3 scrolls of magic mapping
 V - 2 scrolls of enchant armour
 Y - 3 scrolls of blinking
Potions
 b - 5 potions of haste
 j - 9 potions of flight
 k - 4 potions of might
 m - 2 potions of agility
 o - 5 potions of curing
 t - a potion of invisibility
 z - 5 potions of resistance
 E - 11 potions of magic
Books
 F - a book of Maledictions

   Spells                             Type                      Level
   a - Corona                         Hexes                        1
   b - Ensorcelled Hibernation        Hexes/Ice                    2
   c - Confuse                        Hexes                        3
   d - Tukima's Dance                 Hexes                        3
   e - Dazzling Spray                 Conjuration/Hexes            3
Comestibles
 f - 9 bread rations
 p - 10 fruits
 u - 2 beef jerkies
 v - 15 meat rations
 P - 14 royal jellies


   Skills:
 + Level 14.7 Fighting
 + Level 17.0 Long Blades
 + Level 1.3 Maces & Flails
 + Level 15.1 Armour
 + Level 6.7 Dodging
 + Level 1.5 Stealth
 + Level 18.5 Shields
 + Level 2.6 Invocations
 + Level 0.6 Evocations


You had 15 spell levels left.
You didn't know any spells.

Dungeon Overview and Level Annotations

Branches:
Dungeon (15/15)            Temple (0/1) D:7            Lair (8/8) D:9
 Shoals (0/4) Lair:3       Spider (0/4) Lair:3        Slime (0/6) Lair:6
    Orc (0/2) D:10         Vaults (0/5) D:13
 Depths: D:15

Altars:
Ashenzari
Elyvilon
Fedhas
Makhleb
Nemelex Xobeh
Okawaru
Pakellas
Qazlal
Ru
Vehumet
Xom
Yredelemnul

Shops:
D:11 [   D:14 =

Annotations:
D:15 Louise
Lair:6 exclusion: 2 oklob plants


Innate Abilities, Weirdness & Mutations

You reflexively headbutt those who attack you in melee.
You have a pair of horns on your head.
You have large cloven feet.
You are resistant to hostile enchantments.
You are robust (+10% HP).
You are occasionally teleported next to monsters.
Your spells are a little easier to cast, but a little less powerful.


Message History

You headbutt the green death.
The green death is lightly wounded.
You are engulfed in poison gas.
You are more poisoned.
* * * LOW HITPOINT WARNING * * *
x2 You feel very sick.
The green death gestures at you. You block the poison arrow.
A worldbinder comes into view.
Your plate armour prevents you from hitting the green death.
You headbutt the green death.
The green death is lightly wounded.
You are engulfed in poison gas.
You are more poisoned.
* * * LOW HITPOINT WARNING * * *
x2 You feel very sick.
The green death gestures at you. The bolt of poison hits you!
You are more poisoned.
You die...

## ## #§#
...###§#§#
.x...§x@###
.#....2§§.##
## #..#§§###.#
#.###
#.......#.##..
.# #######
.....# #
##...#### # .
+... #.......
.. ... x#....
....#
#..#**#.###...
.#


You could see a green death, a worldbinder and a small abomination.

Vanquished Creatures
  Rupert (Lair:7)
  Kirke (Lair:7)
  Agnes (D:13)
  3 vault guards (D:13)
  Snorg (Lair:3)
  A minotaur (Lab)
  Josephine (D:14)
  A rakshasa (D:14)
  A catoblepas (Lair:6)
  A ghost crab (shapeshifter) (Abyss:3)
  An ice dragon (Lair:8)
  8 hydras
  3 centaur warriors
  2 tengu warriors (D:15)
  9 death yaks
  Urug (Lair:3)
  A fire crab (Lair:8)
  A shadow wraith (Abyss:3)
  A wretched star (Abyss:3)
  3 unseen horrors
  2 necromancers (D:13)
  3 hill giants
  Pikel (D:6)
  An orc knight (Bailey)
  A wizard (D:13)
  A lindwurm (Lair:8)
  2 deep elf magi
  A manticore (D:14)
  3 ugly things
  2 cyclopes
  A shining eye (Abyss:3)
  2 sirens (Lair:3)
  Maurice (D:9)
  2 griffons
  A salamander (shapeshifter) (Abyss:3)
  The ghost of letownia the Magician, a novice OpWz of Gozag (D:6)
  9 black mambas
  A centaur zombie (D:12)
  3 elephants (Lair:3)
  19 spiny frogs
  6 torpor snails (Lair:8)
  A smoke demon (Abyss:3)
  2 centaur skeletons
  5 rime drakes
  A kobold demonologist (D:14)
  5 komodo dragons
  12 polar bears
  6 trolls
  3 spriggan druids (Lair:5)
  2 merfolk (Lair:3)
  4 giant leeches (Lair:8)
  23 slime creatures
  3 two-headed ogres
  4 raiju (Lair:8)
  A large abomination (Abyss:3)
  26 blink frogs
  A redback (Lair:3)
  2 shadows
  Sigmund (D:6)
  2 small abominations (Abyss:3)
  2 vampires
  13 spriggans
  7 wraiths
  A fire bat (Abyss:3)
  19 humans
  3 wyverns
  A steam dragon (D:12)
  44 yaks
  5 golden eyes (Abyss:3)
  6 basilisks
  2 neqoxecs (Abyss:3)
  12 hippogriffs
  A hungry ghost (D:8)
  4 vampire mosquitoes
  10 wargs
  4 hell hounds (Lair:8)
  23 water moccasins
  12 porcupines
  7 wasps
  7 orc warriors
  2 eyes of draining
  2 ice beasts
  5 phantoms
  A sky beast (D:13)
  15 black bears
  7 ogres
  40 wolves
  10 centaurs
  14 crocodiles
  2 big kobolds
  17 giant frogs
  A gnoll sergeant (D:10)
  3 jellies
  5 scorpions
  7 killer bees
  7 wights (D:8)
  2 howler monkeys
  6 crimson imps
  A quasit (Abyss:3)
  7 orc priests
  A giant frog skeleton (D:13)
  20 hounds
  13 iguanas
  14 orc wizards
  6 worker ants
  A killer bee zombie (D:8)
  11 sheep
  2 mummies
  2 worker ant zombies
  20 gnolls
  13 adders
  83 river rats
  3 shadow imps
  An ooze (D:1)
  An adder zombie (D:7)
  23 worms
  An adder skeleton (D:7)
  A dart slug (D:2)
  3 giant geckos
  48 orcs
  3 giant cockroaches
  11 goblins
  12 hobgoblins
  14 jackals
  2 quokkas (D:9)
  A ball python (D:3)
  A ball python skeleton (D:5)
  11 bats
  3 giant newts
  11 gnoll skeletons (Ossuary)
  29 kobolds
  4 kobold skeletons (Ossuary)
  10 orc skeletons (Ossuary)
  5 rats
  A spectral orc (D:5)
  A bush (Lair:8)
  A butterfly (Lair:3)
  3 fungi (Lair:8)
  3 plants
939 creatures vanquished.

Vanquished Creatures (others)
  Grinder (D:6)
  2 humans (Lair:7)
  An ogre (D:6)
  A lightning spire (D:2)
  4 bushes
  40 fungi
  A lurking horror (Abyss:3)
  24 plants
74 creatures vanquished.

Grand Total: 1013 creatures vanquished

Notes
Turn   | Place    | Note
--------------------------------------------------------------
     0 | D:1      | Peloso the Minotaur Fighter began the quest for the Orb.
     0 | D:1      | Reached XP level 1. HP: 19/19 MP: 0/0
    86 | D:1      | Reached XP level 2. HP: 25/27 MP: 1/1
   265 | D:1      | Reached skill level 4 in Shields
   503 | D:2      | Reached XP level 3. HP: 33/33 MP: 2/2
   815 | D:2      | Found an oddly glowing altar of Pakellas.
   816 | D:2      | Noticed a deep elf knight
   918 | D:2      | Reached skill level 1 in Dodging
  1375 | D:2      | Reached XP level 4. HP: 38/40 MP: 3/3
  1408 | D:2      | Found a shattered altar of Ashenzari.
  1674 | D:3      | Found a blossoming altar of Fedhas.
  1674 | D:3      | Found a sacrificial altar of Ru.
  2037 | D:3      | Reached XP level 5. HP: 44/47 MP: 4/4
  2430 | D:4      | Reached skill level 5 in Shields
  2515 | D:4      | Found a sand-covered staircase.
  2526 | Ossuary  | Entered an ossuary
  2526 | Ossuary  | Noticed a wraith
  2526 | Ossuary  | Noticed a wraith
  2526 | Ossuary  | Noticed a wraith
  2816 | Ossuary  | Noticed a wraith
  2842 | Ossuary  | Killed a wraith
  2842 | Ossuary  | Reached skill level 5 in Fighting
  2842 | Ossuary  | Reached skill level 5 in Armour
  2842 | Ossuary  | Reached XP level 6. HP: 54/56 MP: 5/5
  3079 | D:4      | Reached XP level 7. HP: 50/61 MP: 6/6
  3372 | D:5      | Entered Level 5 of the Dungeon
  3380 | D:5      | Reached skill level 5 in Long Blades
  3441 | D:5      | Reached skill level 6 in Shields
  3626 | D:5      | Found a basalt altar of Yredelemnul.
  3918 | D:5      | Reached skill level 7 in Shields
  3918 | D:5      | Reached XP level 8. HP: 63/70 MP: 7/7
  4312 | D:6      | Noticed letownia's ghost (novice OpWz)
  4339 | D:6      | Killed letownia's ghost
  4391 | D:6      | Noticed Grinder
  4394 | D:6      | Noticed Pikel
  4416 | D:6      | Killed Pikel
  4416 | D:6      | Reached skill level 8 in Shields
  4435 | D:6      | Killed Grinder
  4435 | D:6      | Reached XP level 9. HP: 72/79 MP: 8/8
  4705 | D:6      | Found an iron altar of Okawaru.
  4713 | D:6      | Became a worshipper of Warmaster Okawaru
  4801 | D:6      | Noticed Sigmund
  4809 | D:6      | Killed Sigmund
  5000 | D:7      | Found a shimmering altar of Xom.
  5122 | D:7      | Found a staircase to the Ecumenical Temple.
  5382 | D:7      | Reached skill level 9 in Shields
  5401 | D:7      | Reached * piety under Okawaru
  5780 | D:8      | Reached ** piety under Okawaru
  5780 | D:8      | Reached XP level 10. HP: 82/90 MP: 6/9
  6200 | D:8      | Found a white marble altar of Elyvilon.
  6212 | D:8      | Found a sparkling altar of Nemelex Xobeh.
  6671 | D:9      | Reached skill level 10 in Shields
  6973 | D:9      | Found a staircase to the Lair.
  7065 | D:9      | Noticed a centaur warrior
  7068 | D:9      | Found a burning altar of Makhleb.
  7068 | D:9      | Noticed a cacodemon
  7079 | D:9      | Killed a centaur warrior
  7079 | D:9      | Reached *** piety under Okawaru
  7155 | D:9      | Found a radiant altar of Vehumet.
  7170 | D:9      | Noticed Maurice
  7198 | D:9      | Found a flagged portal.
  7199 | D:9      | Killed Maurice
  7199 | D:9      | Reached skill level 10 in Long Blades
  7311 | Bailey   | Entered a bailey
  7580 | Bailey   | Noticed an orc knight
  7620 | Bailey   | Killed an orc knight
  7628 | Bailey   | Reached skill level 11 in Shields
  7694 | Bailey   | HP: 2/91 [gnoll/halberd of electrocution (15)]
  8283 | D:9      | Reached skill level 1 in Stealth
  8420 | D:10     | Entered Level 10 of the Dungeon
  8422 | D:10     | Found a staircase to the Orcish Mines.
  8424 | D:10     | Noticed a hill giant
  8659 | D:10     | Killed a hill giant
  8659 | D:10     | Reached XP level 11. HP: 64/97 MP: 10/10
  8724 | D:10     | Reached **** piety under Okawaru
  9078 | D:10     | Noticed a deep elf mage
  9081 | D:10     | Killed a deep elf mage
  9081 | D:10     | Reached skill level 10 in Armour
  9365 | D:10     | Killed an unseen horror
 11883 | Lair:1   | Entered Level 1 of the Lair of Beasts
 11930 | Lair:1   | Found a labyrinth entrance.
 11994 | Lair:1   | Reached skill level 1 in Invocations
 12015 | Lab      | Entered a labyrinth
 12427 | Lab      | Noticed a minotaur
 12462 | Lab      | Killed a minotaur
 12462 | Lab      | Reached skill level 12 in Shields
 12479 | Lab      | Identified the Catalogue of Displacement
 12482 | Lab      | Identified the Handbook of Protection
 13050 | Lair:1   | Reached skill level 10 in Fighting
 14381 | Lair:2   | Gained mutation: You are robust (+10% HP). [potion of beneficial mutation]
 14414 | Lair:2   | Gained mutation: You are resistant to hostile enchantments. [potion of beneficial mutation]
 14415 | Lair:2   | Gained mutation: You have large cloven feet. [potion of beneficial mutation]
 14552 | Lair:2   | Reached ***** piety under Okawaru
 14751 | Lair:2   | Reached skill level 5 in Dodging
 14751 | Lair:2   | Reached XP level 12. HP: 32/117 MP: 9/11
 15055 | Lair:2   | Noticed a seven-headed hydra
 15060 | Lair:2   | Noticed a six-headed hydra
 15390 | Lair:2   | Killed a six-headed hydra
 15568 | Lair:2   | Killed a seven-headed hydra
 15568 | Lair:2   | Reached skill level 13 in Shields
 15916 | Lair:3   | Noticed Urug
 15938 | Lair:3   | Killed Urug
 15951 | Lair:3   | Found a staircase to the Shoals.
 16482 | Lair:3   | Received a gift from Okawaru
 16636 | Lair:3   | Noticed Snorg
 16658 | Lair:3   | Killed Snorg
 17050 | Lair:3   | Found a hole to the Spider Nest.
 17330 | Lair:4   | Reached skill level 14 in Shields
 17755 | Lair:4   | Reached XP level 13. HP: 119/127 MP: 13/13
 18733 | Lair:5   | HP: 2/129 [black mamba[a young spriggan druid] (13)]
 18733 | Lair:5   | Reached ****** piety under Okawaru
 19394 | Lair:5   | Reached skill level 15 in Shields
 20001 | Lair:5   | Received a gift from Okawaru
 20025 | Lair:5   | Got a polished cloak {god gift}
 20045 | Lair:5   | Identified the +2 cloak "Ablor" {+Inv} (Okawaru gifted it to you on level 5 of the Lair of Beasts)
 21197 | Lair:6   | Found a staircase to the Slime Pits.
 22002 | Lair:6   | Reached XP level 14. HP: 139/139 MP: 12/14
 22058 | Lair:6   | Received a gift from Okawaru
 22870 | Lair:7   | Reached skill level 16 in Shields
 22993 | Lair:7   | Noticed Kirke
 22996 | Lair:7   | Noticed a sphinx
 23012 | Lair:7   | Killed Kirke
 23040 | Lair:7   | Noticed Rupert
 23063 | Lair:7   | Killed Rupert
 24170 | Lair:8   | Entered Level 8 of the Lair of Beasts
 24381 | Lair:8   | Reached skill level 15 in Long Blades
 24489 | Lair:8   | Found a runed door.
 24569 | Lair:8   | Reached skill level 1 in Maces & Flails
 24975 | Lair:8   | Received a gift from Okawaru
 26562 | Lair:8   | Reached skill level 17 in Shields
 27053 | Lair:8   | Reached XP level 15. HP: 149/149 MP: 15/15
 27728 | D:11     | Found Ephihin's Armour Shop.
 28687 | D:12     | Received a gift from Okawaru
 30012 | D:13     | Found a gate to the Vaults.
 30431 | D:13     | Reached skill level 18 in Shields
 31016 | D:14     | Noticed Josephine
 31058 | D:14     | Noticed Agnes
 31059 | D:14     | Killed Josephine
 31081 | D:13     | Killed Agnes
 31516 | D:14     | Found a stormy altar of Qazlal.
 31844 | D:14     | Received a gift from Okawaru
 31865 | D:14     | Got a pitted mace {god gift}
 31866 | D:14     | Identified the +6 mace of World's End {crush, *Drain rF+ Dex+4} (Okawaru gifted it to you on level 14 of the Dungeon)
 32029 | D:14     | Reached skill level 15 in Armour
 32037 | D:14     | Found Bawi's Jewellery Shop.
 32345 | D:15     | Entered Level 15 of the Dungeon
 32704 | D:15     | Received a gift from Okawaru
 32725 | D:15     | Noticed Louise
 32955 | D:15     | Cast into level 3 of the Abyss (Louise)
 32986 | Abyss:3  | Gained mutation: Your spells are a little easier to cast, but a little less powerful. [a neqoxec]
 32987 | Abyss:3  | Gained mutation: You are occasionally teleported next to monsters. [a neqoxec]
 33221 | Abyss:3  | Reached XP level 16. HP: 11/161 MP: 16/16
 33272 | Abyss:3  | Noticed a profane servitor
 33301 | Abyss:3  | HP: 6/161 [starcursed mass/accursed screaming (11)]
 33301 | Abyss:3  | Paralysed by accursed screaming for 1 turns
 33306 | Abyss:3  | HP: 7/161 [starcursed mass/accursed screaming (14)]
 33306 | Abyss:3  | Paralysed by accursed screaming for 1 turns
 33307 | Abyss:3  | HP: 3/161 [profane servitor/enchanted whip (4)]
 33307 | Abyss:3  | HP: 1/161 [starcursed mass (2)]
 33509 | Abyss:3  | HP: 4/161 [something (11)]
 33515 | Abyss:3  | HP: 2/161 [wretched star/orb of energy (24)]
 33537 | Abyss:3  | Killed from afar by a green death

Skill      XL: |  1  2  3  4  5  6  7  8  9 10 11 12 13 14 15 16 |
---------------+-------------------------------------------------+-----
Fighting       | 4 5 6 7 8 9 10 11 12 13 14 | 14.7
Shields        | 4 5 7 8 9 11 12 14 15 17 18 | 18.5
Armour         | 4 5 6 7 8 9 11 12 13 14 15 | 15.1
Dodging        | 1 2 3 4 5 6 |  6.7
Long Blades    | 4 5 7 9 10 11 13 14 15 16 17 | 17.0
Stealth        | 1 |  1.5
Invocations    | 1 2 |  2.6
Maces & Flails | 1 |  1.3
Evocations     | |  0.6

Action                   |  1- 3 |  4- 6 |  7- 9 | 10-12 | 13-15 | 16-18 || total
-------------------------+-------+-------+-------+-------+-------+-------++-------
Melee: Long sword        |   100 |   170 |   336 |  1155 |  2530 |    80 ||  4371
       Headbutt          |    13 |    36 |    81 |   270 |   806 |    29 ||  1235
       Whip              |       |       |       |    17 |    30 |       ||    47
Invok: Heroism           |       |       |     2 |    23 |    22 |     2 ||    49
       Finesse           |       |       |       |       |     1 |       ||     1
Evoke: Wand              |       |       |       |     4 |       |       ||     4
  Use: Potion            |       |     1 |       |    11 |     6 |     8 ||    26
       Scroll            |       |       |       |    38 |     6 |     1 ||    45
  Eat: Chunk             |     1 |     6 |     7 |    34 |    41 |       ||    89
       Beef jerky        |       |       |     2 |     1 |     3 |       ||     6
       Fruit             |       |       |       |     5 |     5 |       ||    10
       Pizza             |       |       |       |     1 |     2 |       ||     3
       Royal jelly       |       |       |       |       |       |     1 ||     1
Armor: Scale mail        |    32 |       |       |       |       |       ||    32
       Chain mail        |    36 |    18 |       |       |       |       ||    54
       Plate armour      |       |    97 |   139 |   740 |  1145 |   121 ||  2242
Dodge: Dodged            |    47 |    38 |    74 |   399 |   857 |    67 ||  1482
Block: Shield            |    71 |    96 |   169 |   839 |  1818 |       ||  2993
       Buckler           |       |       |       |       |    82 |    85 ||   167
